 Dungeon Crawl Stone Soup version 0.30.0-7-g0c4daa9e05 (webtiles) character file.

Game seed: 12751797268797728145

7771 Atelerd the Covert (level 11, -10/67 HPs)
             Began as an Octopode Earth Elementalist on May 13, 2023.
             Was a Priest of Sif Muna.
             Killed from afar by an electric eel (17 damage)
             ... with a bolt of electricity
             ... on level 11 of the Dungeon.
             The game lasted 00:22:34 (12454 turns).

Atelerd the Covert (Octopode Earth Elementalist)   Turns: 12454, Time: 00:22:35

Health: -10/67     AC:  1    Str:  9    XL:     11   Next: 20%
Magic:  32/32      EV: 16    Int: 19    God:    Sif Muna [***...]
Gold:   785        SH:  0    Dex: 20    Spells: 20/27 levels left

rFire   . . .        J - +2 dagger (venom)
rCold   . . .        (no shield)
rNeg    . . .        (helmet restricted)
rPois   .            D - amulet of magic regeneration
rElec   .            k - +6 ring of dexterity
rCorr   .            x - ring of magical power
SInv    .            (no ring)
Will    .....        (no ring)
Stlth   ++++++       (no ring)
HPRegen 0.31/turn    (no ring)
MPRegen 0.63/turn    (no ring)
                     (no ring)

%: no passive effects
@: no status effects
A: almost no armour, amphibious, 8 rings, camouflage 1, gelatinous body 1,
(nimble swimmer 1), tentacles
a: Renounce Religion, Channel Magic, Forget Spell


You were on level 11 of the Dungeon.
You worshipped Sif Muna.
Sif Muna was most pleased with you.
You visited 2 branches of the dungeon, and saw 12 of its levels.
You also visited: Bailey.

You collected 785 gold pieces.

Inventory:

Hand Weapons
 c - a +0 dagger
 p - a +0 dagger of venom
 E - the +11 shortbow "Midajaog" {freeze, Will++ Str-3 Dex+3 Stlth+}
   (You found it in a bailey)

   Str:       It affects your strength (-3).
   Dex:       It affects your dexterity (+3).
   Will:      It greatly increases your willpower.
   Stlth:     It makes you more stealthy.
 J - a +2 dagger of venom (weapon)
Jewellery
 e - a ring of ice
 k - a +6 ring of dexterity (left tentacle)
 x - a ring of magical power (right tentacle)
 D - an amulet of magic regeneration (around mantle)
 F - a ring of fire
Wands
 d - a wand of flame (39)
 r - a wand of charming (2)
 B - a wand of acid (3)
Scrolls
 b - 5 scrolls of teleportation
 g - 2 scrolls of vulnerability
 h - 4 scrolls of blinking
 j - 2 scrolls of brand weapon {unknown}
 l - a scroll of silence
 m - a scroll of immolation {unknown}
 n - 3 scrolls of noise {unknown}
 o - a scroll of poison {unknown}
 w - 2 scrolls of enchant armour {unknown}
 y - 4 scrolls of enchant weapon {unknown}
 G - 3 scrolls of magic mapping {unknown}
 H - 4 scrolls of identify
 I - a scroll of amnesia {unknown}
 L - a scroll of butterflies {unknown}
Potions
 a - 2 potions of magic
 f - 3 potions of lignification
 i - 5 potions of curing
 q - 2 potions of brilliance
 t - 8 potions of might
 u - 4 potions of attraction
 v - a potion of mutation
 z - a potion of haste
 A - 2 potions of invisibility
 C - a potion of flight {unknown}
 K - a potion of cancellation {unknown}


   Skills:
 - Level 3.0 Fighting
 - Level 3.0 Short Blades
 - Level 5.0 Dodging
 - Level 12.0 Stealth
 + Level 8.7 Spellcasting
 * Level 0.3 Translocations
 - Level 3.0 Transmutations
 + Level 7.7 Earth Magic
 - Level 6.3 Invocations


You had 20 spell levels left.
You knew the following spells:

 Your Spells              Type           Power      Damage    Failure   Level
a - Sandblast             Erth           74%        2d16      1%          1
b - Blink                 Tloc           18%        N/A       11%         2
p - Petrify               Tmut/Erth      28%        N/A       10%         4

Your spell library contained the following spells:

 Spells                   Type           Power      Damage    Failure   Level
 Passwall                 Tmut/Erth      23%        N/A       1%          2
 Stone Arrow              Conj/Erth      46%        3d9       5%          3
 Gell's Gravitas          Tloc           9%         N/A       22%         3
 Teleport Other           Tloc           9%         N/A       22%         3
 Manifold Assault         Tloc           9%         N/A       58%         4
 Dispersal                Tloc           4%         N/A       100%        6
 Storm Form               Tmut/Air       6%         N/A       100%        7


Dungeon Overview and Level Annotations

Branches:
Dungeon (11/15)            Temple (1/1) D:4            Lair (0/5) D:11
    Orc (0/2) D:9          Bailey (visited)

Altars:
Ashenzari
Cheibriados
Dithmenos
Gozag
Hepliaklqana
Kikubaaqudgha
Makhleb
Nemelex Xobeh
Okawaru
Qazlal
Ru
Sif Muna
Trog
Uskayaw
Vehumet
Wu Jian
Xom
Yredelemnul
Zin
The Shining One

Shops:
D:4 [   D:9 (

Annotations:
D:8 exclusion: downstairs
D:9 2 runed translucent doors, exclusion: downstairs


Innate Abilities, Weirdness & Mutations

You cannot wear most types of armour.
You are amphibious.
You can wear up to eight rings at the same time.
Your skin changes colour to match your surroundings (Stealth+).
Your rubbery body absorbs attacks. (AC +1, EV +1)
((You are camouflaged when in or above water. (Stealth+)))
You have tentacles for arms and can constrict up to eight enemies at once.


Message History

Found a club.
HP restored.
Found a club.
Found a stone staircase leading up.
A centaur comes into view.
Found a stone staircase leading down.
A centaur is nearby!
A centaur is nearby!
A boulder beetle comes into view.
The boulder beetle moves out of view.
A shadow comes into view.
The boulder beetle bites you!!
As you read the scroll of teleportation, it crumbles to dust.
You feel strangely unstable.
The centaur wields a +0 shortbow.
The centaur shoots an arrow.
The arrow hits you. The boulder beetle closely misses you.
The centaur shoots an arrow.
The arrow hits you!
The boulder beetle attacks as you move away!
The boulder beetle bites you!
* * * LOW HITPOINT WARNING * * *
Your surroundings suddenly seem different.
A cyclops and 3 electric eels come into view.
The electric eel shoots out a bolt of lightning at you!
The bolt of electricity hits you.
* * * LOW HITPOINT WARNING * * *
The cyclops shouts!
You feel much better.
The electric eel shoots out a bolt of lightning at you!
The bolt of electricity misses you.
The electric eel shoots out a bolt of lightning at you!
The bolt of electricity hits you!
The electric eel shoots out a bolt of lightning at you!
The bolt of electricity hits you!
* * * LOW HITPOINT WARNING * * *
The electric eel shoots out a bolt of lightning at you!
The bolt of electricity hits you.
* * * LOW HITPOINT WARNING * * *
The cyclops throws a large rock.
The large rock completely misses you.
The electric eel shoots out a bolt of lightning at you!
The bolt of electricity hits you!
You die...

...........~~~~#
~.....~~~~~~~~~~
~~~~~C~~~~S.S~~
~~~S~~~~....#
~~~~~~......#
~~~..~......#
~~..........#
............#
..........@.#
##########+##


You could see a cyclops and 3 electric eels.

Vanquished Creatures
  A boulder beetle (D:9)
  A two-headed ogre (D:10)
  Pikel (D:8)
  A deep elf pyromancer (Bailey)
  An orc knight (Bailey)
  Joseph (D:8)
  A hornet (D:8)
  2 wraiths
  A wyvern (D:10)
  2 humans (D:8)
  3 acid dragons
  2 water moccasins
  A black bear (D:5)
  8 orc warriors
  2 sky beasts (D:7)
  2 ogres
  2 ice beasts (D:6)
  2 phantoms (D:9)
  A kobold brigand (D:7)
  A bullfrog (D:7)
  Blork the orc (D:5)
  6 scorpions
  4 wights (D:7)
  5 howler monkeys
  3 hounds
  2 orc priests (D:9)
  2 sleepcaps
  7 iguanas
  6 orc wizards
  6 ogre zombies (D:9)
  15 adders
  7 gnolls
  A shadow imp (D:7)
  2 white imps
  2 worms (D:2)
  5 dart slugs
  45 orcs
  5 ball pythons
  3 bats (D:3)
  13 endoplasms
  2 giant cockroaches
  17 goblins
  9 hobgoblins
  7 jackals
  9 kobolds
  3 quokkas
  6 frilled lizards
  A goblin skeleton (D:9)
  3 goblin zombies (D:9)
  2 hobgoblin zombies (D:9)
  3 orc skeletons (D:9)
  15 orc zombies (D:9)
  3 rats
256 creatures vanquished.

Vanquished Creatures (others)
  An orc warrior (Bailey)
1 creature vanquished.

Grand Total: 257 creatures vanquished

Notes
Turn   | Place    | Note
-------+----------+-------------------------------------------
     0 | D:1      | Atelerd the Octopode Earth Elementalist began the quest for
                  | the Orb.
     0 | D:1      | Reached XP level 1. HP: 11/11 MP: 3/3
   172 | D:1      | Reached XP level 2. HP: 15/17 MP: 0/5
   622 | D:1      | Reached XP level 3. HP: 21/21 MP: 6/6
   929 | D:2      | Reached skill level 3 in Stealth
  1264 | D:2      | Reached XP level 4. HP: 27/27 MP: 5/7
  2208 | D:3      | Reached XP level 5. HP: 28/31 MP: 7/9
  2288 | D:3      | Reached skill level 4 in Stealth
  2504 | D:4      | Reached XP level 6. HP: 36/36 MP: 7/10
  2670 | D:3      | Found a burning altar of Makhleb.
  2670 | D:3      | Noticed an Executioner
  2673 | D:3      | Noticed an orange demon
  2673 | D:3      | Noticed a hellwing
  2904 | D:3      | Found a sacrificial altar of Ru.
  2904 | D:3      | Found a bloodstained altar of Trog.
  2910 | D:3      | Found a faded altar of an unknown god.
  3212 | D:4      | Found a basalt altar of Yredelemnul.
  3303 | D:4      | Found a staircase to the Ecumenical Temple.
  3343 | D:4      | Reached skill level 5 in Stealth
  3863 | D:4      | Found Koewn's Antique Armour Emporium.
  4117 | D:4      | Found a glowing golden altar of the Shining One.
  4119 | D:4      | Noticed an angel
  4215 | D:5      | Entered Level 5 of the Dungeon
  4216 | D:5      | Found a shadowy altar of Dithmenos.
  4222 | D:5      | Reached XP level 7. HP: 38/41 MP: 12/12
  4378 | Temple   | Entered the Ecumenical Temple
  4410 | Temple   | Became a worshipper of Sif Muna the Loreminder
  4460 | D:5      | Reached skill level 5 in Earth Magic
  4704 | D:5      | Reached skill level 1 in Fighting
  4704 | D:5      | Reached skill level 1 in Short Blades
  4709 | D:5      | Learned a level 4 spell: Petrify
  4947 | D:5      | Reached skill level 6 in Stealth
  4947 | D:5      | Reached skill level 1 in Invocations
  4972 | D:5      | Noticed Blork the orc
  4985 | D:5      | Killed Blork the orc
  5490 | D:6      | Reached XP level 8. HP: 29/48 MP: 14/14
  5967 | D:6      | Reached skill level 7 in Stealth
  6035 | D:6      | Reached skill level 5 in Spellcasting
  6082 | D:6      | HP: 2/48 [poisoned by a scorpion]
  7018 | D:7      | Reached skill level 8 in Stealth
  7024 | D:7      | Found a flagged portal.
  7059 | Bailey   | Entered a bailey
  7123 | Bailey   | Reached * piety under Sif Muna
  7145 | Bailey   | Reached XP level 9. HP: 51/53 MP: 6/17
  7149 | Bailey   | Noticed an orc knight
  7324 | Bailey   | Reached skill level 9 in Stealth
  7324 | Bailey   | Reached skill level 5 in Invocations
  7475 | Bailey   | Killed an orc knight
  7706 | Bailey   | Found a large runed translucent door.
  7706 | Bailey   | Found a large runed translucent door.
  7707 | Bailey   | Noticed a deep elf pyromancer
  7799 | Bailey   | Killed a deep elf pyromancer
  7800 | Bailey   | Reached skill level 10 in Stealth
  7813 | Bailey   | Identified the +11 shortbow "Midajaog" {freeze, Will++
                  | Str-3 Dex+3 Stlth+}
  8049 | D:7      | Found a radiant altar of Vehumet.
  8150 | D:7      | Identified the +6 dagger "Ampegerph" {chaos, *Noise rF++
                  | Int+3}
  8473 | D:7      | Reached ** piety under Sif Muna
  8474 | D:7      | Reached XP level 10. HP: 41/59 MP: 20/20
  9076 | D:8      | Reached skill level 5 in Dodging
  9098 | D:8      | Noticed Joseph
  9106 | D:8      | Found a sparkling altar of Nemelex Xobeh.
  9109 | D:8      | Killed Joseph
  9112 | D:8      | Found an opulent altar of Gozag.
  9113 | D:8      | Found a hazy altar of Hepliaklqana.
  9116 | D:8      | Found an ancient bone altar of Kikubaaqudgha.
  9217 | D:8      | Found an iron altar of Okawaru.
  9244 | D:8      | Noticed Pikel
  9250 | D:8      | Killed Pikel
  9251 | D:8      | Reached skill level 11 in Stealth
  9666 | D:9      | Found Faschoirr's Weapon Boutique.
  9667 | D:9      | Noticed a boulder beetle
  9678 | D:9      | Killed a boulder beetle
 10153 | D:7      | Reached skill level 12 in Stealth
 10874 | D:7      | Found a broken altar of Ashenzari.
 10944 | D:9      | Reached XP level 11. HP: 47/67 MP: 23/23
 11185 | D:9      | Reached *** piety under Sif Muna
 11280 | D:9      | Found a runed translucent door.
 11282 | D:9      | Found a runed translucent door.
 11392 | D:9      | Found a staircase to the Orcish Mines.
 11849 | D:10     | Entered Level 10 of the Dungeon
 12147 | D:10     | Noticed a two-headed ogre
 12160 | D:10     | Killed a two-headed ogre
 12164 | D:10     | Learned a level 2 spell: Blink
 12400 | D:11     | Found a staircase to the Lair.
 12442 | D:11     | Noticed a boulder beetle
 12449 | D:11     | Noticed a cyclops
 12454 | D:11     | Killed from afar by an electric eel

Illustrated notes

Levels and vault maps discovered:
D:1:      dpeg_arrival_rooms_b, layout_basic, minmay_heptomino_d4
D:2:      layout_loops_ring, minmay_splitting_lines, minmay_misc_feat_hallway
D:3:      wad_river_or_something, layout_basic, makhleb_altar_promises_db,
          gammafunk_temple_overflow_wave, shapermc_ecumenical_altar_mp_highgroup
D:4:      layout_loops_ring, grunt_temple_overflow_holy_war,
          minmay_temple_entry_glass, serial_shops, shop,
          minmay_fractal_squares_gapless_5
D:5:      layout_basic, grunt_dithmenos_smoke_and_mirrors, uniq_blork_the_orc
D:6:      layout_rooms, serial_co_window_serial, co_window_paths_a,
          co_window_corner_a, co_window_of_opportunity_a, co_window_paths_a,
          co_window_corner_a, co_window_corner_a, co_window_paths_a,
          co_window_2corner, co_window_2corner, co_window_broadway_b,
          co_window_corner_cb, co_window_unsneaky_path_a, co_window_broadway_c,
          co_window_corner_b, co_window_paths_d, glass_columns_a,
          glass_columns_a, glass_columns_a, glass_columns_a
D:7:      layout_layer_cave, vehumet_altar_wand_db,
          lemuel_coloured_pillars_altar, enter_bailey_3, nicolae_hexahallways,
          minmay_quadrilaterals
D:8:      layout_cave_pools, okawaru_humans, grunt_temple_overflow_open,
          serial_column_ruins, column_ruins_hut, column_ruins_hut,
          column_ruins_open_tiny, column_ruins_grid_3,
          column_ruins_columns_corner, column_ruins_open_small,
          column_ruins_grid_4, column_ruins_grid_1, column_ruins_open_medium,
          uniq_joseph, uniq_pikel
D:9:      lemuel_insect_pit, layout_basic, zombieorc2_lemuel, serial_shops, shop
D:10:     layout_loops_ring, fedhas_altar_3,
          nicolae_shop_i_like_small_books_too, minivault_13
D:11:     layout_basic, david_lair_shrubbed, chequers_serial_rivers_small_a
Temple:   hellmonk_temple_of_storms

Skill      XL: |  1  2  3  4  5  6  7  8  9 10 11 |
---------------+----------------------------------+-----
Stealth        | 3 4 5 6 8 10 12 | 12.0
Transmutations | 2 3 |  3.0
Spellcasting   | 3 4 5 6 8 |  8.7
Earth Magic    | 4 5 6 7 |  7.7
Dodging        | 3 4 5 |  5.0
Fighting       | 1 3 |  3.0
Short Blades   | 1 3 |  3.0
Invocations    | 1 4 6 |  6.3
Translocations | |  0.3

Action                     |  1- 3 |  4- 6 |  7- 9 | 10-12 || total
---------------------------+-------+-------+-------+-------++-------
  Melee: Dagger            |    19 |    57 |    58 |    57 ||   191
         Tentacles         |     3 |    13 |    14 |    10 ||    40
         Constrict         |     3 |    13 |    13 |    12 ||    41
         Punch             |       |       |       |     1 ||     1
   Cast: Sandblast         |    36 |    57 |   180 |   134 ||   407
         Petrify           |       |       |    20 |    45 ||    65
  Evoke: Wand              |       |       |     3 |     4 ||     7
    Use: Scroll            |       |    10 |     1 |     4 ||    15
         Potion            |       |       |     2 |     2 ||     4
   Stab: Sleeping          |     7 |    14 |     4 |     4 ||    29
         Petrified         |       |       |    20 |    24 ||    44
         Petrifying        |       |       |     3 |     2 ||     5
 Armour: Skin              |     1 |     7 |     9 |     4 ||    21
  Dodge: Dodged            |    23 |    55 |    61 |    88 ||   227
